 Dungeon Crawl Stone Soup version 0.29.1-15-g9cfb28693d (webtiles) character file.

Game seed: 17076448675192890957

6 Heoruswealwe the Digger (level 1, 10/10 HPs)
             Began as a Deep Elf Earth Elementalist on Mar 25, 2023.
             Was a Follower of Cheibriados.
             Got out of the dungeon alive.
             The game lasted 00:01:28 (151 turns).

Heoruswealwe the Digger (DEEE)                       Turns: 151, Time: 00:01:29

Health: 10/10      AC:  2    Str:  7    XL:     1   Next: 75%
Magic:  6/6        EV: 13    Int: 21    God:    Cheibriados [*.....]
Gold:   10         SH:  0    Dex: 17    Spells: 5/6 levels left

rFire   . . .      SeeInvis .   (no weapon)
rCold   . . .      Faith    .   (no shield)
rNeg    . . .      Spirit   .   a - +0 robe
rPois   .          Reflect  .   (no helmet)
rElec   .          Harm     .   (no cloak)
rCorr   .          Rampage  .   (no gloves)
Will    .....                   (no boots)
Stlth   ++........              (no amulet)
HPRegen 0.03/turn               (no ring)
MPRegen 0.10/turn               (no ring)

@: very slow
A: no striking features
a: Renounce Religion, Bend Time


You escaped.
You worshipped Cheibriados.
Cheibriados was aware of your devotion.
You visited 1 branch of the dungeon, and saw 1 of its levels.

You collected 10 gold pieces.

Inventory:

Armour
 a - a +0 robe (worn)
Potions
 b - a potion of magic


   Skills:
 - Level 2.4 Dodging
 - Level 2.4 Stealth
 * Level 3.3 Spellcasting
 + Level 1.3 Transmutations
 * Level 3.5 Earth Magic


You had 5 spell levels left.
You knew the following spells:

 Your Spells              Type           Power      Damage    Failure   Level
a - Sandblast             Erth           36%        2d10      3%          1

Your spell library contained the following spells:

 Spells                   Type           Power      Damage    Failure   Level
 Passwall                 Tmut/Erth      10%        N/A       8%          2
 Stone Arrow              Conj/Erth      20%        3d8       19%         3
 Petrify                  Tmut/Erth      13%        N/A       43%         4


Dungeon Overview and Level Annotations

Branches:
Dungeon (1/15)

Altars:
Cheibriados


Message History

A hobgoblin comes into view.
The blast of sand hits the goblin!
You kill the goblin!
The hobgoblin shouts!
The blast of sand hits the hobgoblin.
The hobgoblin is almost dead.
The blast of sand hits the hobgoblin.
You kill the hobgoblin!
Things that are here:
a +0 dagger; a hobgoblin corpse An endoplasm comes into view.
The endoplasm jiggles.
The blast of sand hits the endoplasm.
The endoplasm is lightly wounded.
The blast of sand hits the endoplasm!
You kill the endoplasm!
A rat comes into view.
The blast of sand hits the rat!
You kill the rat!
You open the door.
A ball python comes into view.
Found a faded altar of an unknown god.
The ball python hisses angrily.
There is an open door here.
The blast of sand hits the ball python!
You kill the ball python!
There is a faded altar of an unknown god here.
You cannot tell which god this altar belongs to.
Convert to them anyway?
Cheibriados accepts your prayer! Cheibriados welcomes you!
Cheibriados begins to support your attributes as your movement slows.
Cheibriados is now slowing the effects of poison on you.
You can now bend time to slow others.
Cheibriados raises the support of your attributes as your movement slows.
There is an open door here.
Found a mace.
Magic restored.
There is an open door here.
There is a staircase leading out of the dungeon here.
Are you sure you want to leave the Dungeon?
This will make you lose the game!
You have escaped!

#####
#...#
#.@.#
#...#
#...#
###'####
##......#
#.......#
#.#####.#
#..#..#.#
##.#..#.#
###


There were no monsters in sight!

Vanquished Creatures
  A ball python (D:1)
  An endoplasm (D:1)
  A goblin (D:1)
  A hobgoblin (D:1)
  A rat (D:1)
5 creatures vanquished.

Notes
Turn   | Place    | Note
-------+----------+-------------------------------------------
     0 | D:1      | Heoruswealwe the Deep Elf Earth Elementalist began the
                  | quest for the Orb.
     0 | D:1      | Reached XP level 1. HP: 10/10 MP: 6/6
    91 | D:1      | Found a faded altar of an unknown god.
    98 | D:1      | Prayed at the altar of an unknown god.
    98 | D:1      | Became a worshipper of Cheibriados the Contemplative
    98 | D:1      | Reached * piety under Cheibriados
   151 | D:$      | Got out of the dungeon alive.

Illustrated notes

Levels and vault maps discovered:
D:1:      dpeg_arrival_erosion, layout_loops_ring, serial_shops,
          nicolae_square_shop, dreamdust_ecumenical_altar_angels_and_demons,
          minmay_misc_feat_diagonals

Action                   || total
-------------------------++-------
 Cast: Sandblast         ||     8
